 Dungeon Crawl Stone Soup version 0.23-a0-393-g6e9e0f2 (webtiles) character file.

128 XanderDroid the Magician (level 5, -2/33 HPs)
             Began as a Gnoll Wizard on Oct 31, 2018.
             Slain by Grinder (5 damage)
             ... while paralysed by Grinder
             ... on level 3 of the Dungeon.
             The game lasted 00:14:40 (2982 turns).

XanderDroid the Magician (Gnoll Wizard)             Turns: 2982, Time: 00:14:41

Health: -2/33      AC:  7    Str: 10    XL:     5   Next: 12%
Magic:  3/14       EV:  2    Int: 21    God:
Gold:   158        SH:  0    Dex: 13    Spells: 7/18 levels left

rFire    . . .     SeeInvis .   a - +1 flail (holy)
rCold    + . .     Gourm    .   (no shield)
rNeg     . . .     Faith    .   u - +2 robe {rC+}
rPois    .         Spirit   .   g - +0 helmet
rElec    .         Reflect  .   n - scarf {cloud immunity}
rCorr    .         Harm     .   l - +1 pair of gloves
MR       .....     Clarity  +   (no boots)
Stlth    +++.......             (no amulet)
HPRegen  0.11/turn              (no ring)
MPRegen  0.14/turn              (no ring)

@: paralysed
A: distributed training, fangs 1, clarity, frail 1, mutation resistance 1,
strong nose
a: no special abilities


You were on level 3 of the Dungeon.
You were not hungry.

You visited 1 branch of the dungeon, and saw 3 of its levels.

You collected 158 gold pieces.

Inventory:

Hand Weapons
 a - a +1 flail of holy wrath (weapon)
Armour
 b - a +0 hat
 g - a +0 helmet (worn)
 l - a +1 pair of gloves (worn)
 n - a scarf of cloud immunity (worn)
 u - a +2 robe of cold resistance (worn)
Scrolls
 c - a scroll of immolation {unknown}
 e - a scroll of remove curse {unknown}
 f - 5 scrolls of identify {unknown}
 h - 2 scrolls of fog {unknown}
 i - 4 scrolls of enchant armour {unknown}
 m - 3 scrolls of teleportation {unknown}
 s - a scroll of amnesia {unknown}
 t - a scroll of magic mapping {unknown}
Potions
 j - a potion of curing
 k - 2 potions of berserk rage {unknown}
 o - a potion of flight
 q - a potion of agility
Comestibles
 d - 5 rations
 p - 2 chunks of flesh


   Skills:
 + Level 1.3 Fighting
 + Level 1.3 Short Blades
 + Level 1.3 Long Blades
 + Level 1.3 Axes
 + Level 1.3 Maces & Flails
 + Level 1.3 Polearms
 + Level 1.3 Staves
 + Level 1.3 Slings
 + Level 1.3 Bows
 + Level 1.3 Crossbows
 + Level 1.3 Throwing
 + Level 1.3 Armour
 + Level 4.7 Dodging
 + Level 4.3 Stealth
 + Level 1.3 Shields
 + Level 1.3 Unarmed Combat
 + Level 7.2 Spellcasting
 + Level 2.3 Conjurations
 + Level 1.1 Hexes
 + Level 1.1 Charms
 + Level 2.3 Summonings
 + Level 1.1 Necromancy
 + Level 2.3 Translocations
 + Level 1.1 Transmutations
 + Level 1.1 Fire Magic
 + Level 1.1 Ice Magic
 + Level 1.1 Air Magic
 + Level 1.1 Earth Magic
 + Level 1.1 Poison Magic
 + Level 1.5 Invocations
 + Level 1.3 Evocations


You had 7 spell levels left.
You knew the following spells:

 Your Spells              Type           Power        Failure   Level  Hunger
a - Magic Dart            Conj           ###.         3%          1    None
b - Blink                 Tloc           N/A          4%          2    None
c - Call Imp              Summ           ###.....     4%          2    None
d - Conjure Flame         Conj/Fire      ##......     13%         3    None
e - Mephitic Cloud        Conj/Pois/Air  ##......     14%         3    None

Your spell library contained the following spells:

 Spells                   Type           Power        Failure   Level  Hunger
 Slow                     Hex            ##......     9%          2    None


Dungeon Overview and Level Annotations

Branches:
Dungeon (3/15)

Altars:
Cheibriados
Fedhas

Annotations:
D:3 Grinder


Innate Abilities, Weirdness & Mutations

Your experience applies equally to all skills.
You have very sharp teeth.
Your uncanny sense of smell can sniff out nearby items.
You possess an exceptional clarity of mind.
You are frail. (-10% HP)
You are somewhat resistant to further mutation.


Message History

Confirm with . or Enter, or press ? or * to list all spells.
Aiming: Magic Dart (safe; 3% risk of failure)
Press: ? - help, Shift-Dir - straight line, f/p - Grinder
Aim: Grinder, carrying a wand of digging (1) (heavily wounded)
The magic dart hits Grinder.
Grinder is heavily wounded.
Your crimson imp blinks!
Grinder gestures at you.
You suddenly lose the ability to move!
Grinder hits you.
* * * LOW HITPOINT WARNING * * *
You writhe in agony.
* * * LOW HITPOINT WARNING * * *
Grinder gestures at you. Pain shoots through your body!
* * * LOW HITPOINT WARNING * * *
Grinder gestures at you.
You barely resist. Grinder hits you.
You die...

##### ############ #...#
#..........# #.#.# #..........#
#.#.#############..........# ####
................@5......>..# #...
..#.##....#######..........###.#.
.....).........##..............#.
...........(...##.............###
...............##............<...
...............#########.#.######
..#########'##### #.#.#...# .##
###.)...## #.#.#.#.# .#
.............##### #.#.#.#.#


You could see Grinder.

Vanquished Creatures
  3 adders
  2 oozes
  2 worms
  A dart slug (D:3)
  3 leopard geckos
  5 orcs (D:3)
  A ball python (D:3)
  A giant cockroach (D:3)
  8 hobgoblins
  4 kobolds
  6 bats
  2 frilled lizards (D:2)
  7 goblins
  4 rats
49 creatures vanquished.

Vanquished Creatures (collateral kills)
  Jessica (D:3)
  A howler monkey skeleton (D:3)
2 creatures vanquished.

Grand Total: 51 creatures vanquished

Notes
Turn   | Place    | Note
-------+----------+-------------------------------------------
     0 | D:1      | XanderDroid the Gnoll Wizard began the quest for the Orb.
     0 | D:1      | Reached XP level 1. HP: 13/13 MP: 8/8
    67 | D:1      | Reached XP level 2. HP: 8/19 MP: 1/10
   314 | D:1      | Learned a level 2 spell: Blink
   317 | D:1      | Learned a level 2 spell: Call Imp
   971 | D:2      | Found a blossoming altar of Fedhas.
  1158 | D:2      | Reached XP level 3. HP: 25/25 MP: 9/11
  1172 | D:2      | Learned a level 3 spell: Conjure Flame
  1176 | D:2      | Learned a level 3 spell: Mephitic Cloud
  1230 | D:2      | Gained mutation: You are frail. (-10% HP) [potion of
                  | mutation]
  1230 | D:2      | Gained mutation: You are somewhat resistant to further
                  | mutation. [potion of mutation]
  1230 | D:2      | Gained mutation: You possess an exceptional clarity of
                  | mind. [potion of mutation]
  1420 | D:2      | Reached skill level 1 in Invocations
  1629 | D:2      | Reached skill level 1 in Fighting
  1629 | D:2      | Reached skill level 1 in Short Blades
  1629 | D:2      | Reached skill level 1 in Long Blades
  1629 | D:2      | Reached skill level 1 in Axes
  1629 | D:2      | Reached skill level 1 in Maces & Flails
  1629 | D:2      | Reached skill level 1 in Polearms
  1629 | D:2      | Reached skill level 1 in Staves
  1629 | D:2      | Reached skill level 1 in Slings
  1629 | D:2      | Reached skill level 1 in Bows
  1629 | D:2      | Reached skill level 1 in Crossbows
  1629 | D:2      | Reached skill level 1 in Throwing
  1629 | D:2      | Reached skill level 1 in Armour
  1629 | D:2      | Reached skill level 1 in Shields
  1629 | D:2      | Reached skill level 1 in Unarmed Combat
  1629 | D:2      | Reached skill level 1 in Evocations
  1906 | D:3      | Reached XP level 4. HP: 28/28 MP: 8/13
  1910 | D:3      | Noticed Grinder
  2375 | D:3      | Found a snail-covered altar of Cheibriados.
  2589 | D:3      | Noticed Jessica
  2604 | D:3      | Killed Jessica
  2604 | D:3      | Reached skill level 1 in Hexes
  2604 | D:3      | Reached skill level 1 in Charms
  2604 | D:3      | Reached skill level 1 in Necromancy
  2604 | D:3      | Reached skill level 1 in Transmutations
  2604 | D:3      | Reached skill level 1 in Fire Magic
  2604 | D:3      | Reached skill level 1 in Ice Magic
  2604 | D:3      | Reached skill level 1 in Air Magic
  2604 | D:3      | Reached skill level 1 in Earth Magic
  2604 | D:3      | Reached skill level 1 in Poison Magic
  2725 | D:3      | Reached XP level 5. HP: 22/33 MP: 9/14
  2978 | D:3      | Paralysed by Grinder for 6 turns
  2982 | D:3      | Slain by Grinder

Vault maps used:
D:1:      sevenhm_arrival_forest_fort_large_4
D:2:      chequers_serial_rivers_room_b, fedhas_altar_3
D:3:      cheibriados_altar_1, uniq_jessica, uniq_grinder

Skill      XL: |  1  2  3  4 |
---------------+-------------+-----
Conjurations   | 2 |  2.3
Summonings     | 2 |  2.3
Translocations | 2 |  2.3
Invocations    | 1 |  1.5
Fighting       | 1 |  1.3
Short Blades   | 1 |  1.3
Long Blades    | 1 |  1.3
Axes           | 1 |  1.3
Maces & Flails | 1 |  1.3
Polearms       | 1 |  1.3
Staves         | 1 |  1.3
Slings         | 1 |  1.3
Bows           | 1 |  1.3
Crossbows      | 1 |  1.3
Throwing       | 1 |  1.3
Armour         | 1 |  1.3
Shields        | 1 |  1.3
Unarmed Combat | 1 |  1.3
Evocations     | 1 |  1.3
Hexes          | 1 |  1.1
Charms         | 1 |  1.1
Necromancy     | 1 |  1.1
Transmutations | 1 |  1.1
Fire Magic     | 1 |  1.1
Ice Magic      | 1 |  1.1
Air Magic      | 1 |  1.1
Earth Magic    | 1 |  1.1
Poison Magic   | 1 |  1.1
Dodging        | |  4.7
Stealth        | |  4.3
Spellcasting   | |  7.2

Action                   |  1- 3 |  4- 6 || total
-------------------------+-------+-------++-------
Melee: Mace              |     6 |       ||     6
       Dagger            |    10 |       ||    10
       Spear             |    22 |    36 ||    58
       Bite              |     1 |     2 ||     3
       Flail             |       |     1 ||     1
 Cast: Magic Dart        |    53 |    59 ||   112
       Call Imp          |       |     2 ||     2
       Blink             |       |     1 ||     1
  Use: Potion            |     5 |       ||     5
 Stab: Sleeping          |     3 |     2 ||     5
  Eat: Chunk             |     3 |     2 ||     5
       Ration            |       |     1 ||     1
Armor: Robe              |    11 |    18 ||    29
Dodge: Dodged            |    40 |    39 ||    79

Table legend:
 A = Non-vault XP
 B = Vault XP
 C = Vault XP percentage of total XP
 D = Non-vault monster count
 E = Vault monster count
 F = Vault count percentage of total count
                 A         B        C        D         E       F
            +---------+---------+-------+---------+---------+-------
      Total |     155 |      29 |  15.8 |      50 |       1 |   2.0
            +---------+---------+-------+---------+---------+-------
        D:1 |      26 |       0 |   0.0 |      12 |       0 |   0.0
        D:2 |      55 |       0 |   0.0 |      16 |       0 |   0.0
        D:3 |      74 |      29 |  28.2 |      22 |       1 |   4.3
            +---------+---------+-------+---------+---------+-------
